 Dungeon Crawl Stone Soup version 0.19-a0-1704-gbd66c22 (webtiles) character file.

228 qqqbard the Slinger (level 6, -11/39 HPs)
             Began as a Halfling Hunter on Sept 27, 2016.
             Mangled by tabstorm's ghost (16 damage)
             ... on level 4 of the Dungeon.
             The game lasted 00:06:14 (2989 turns).

qqqbard the Slinger (Halfling Hunter)               Turns: 2989, Time: 00:06:14

Health: -11/39     AC:  5    Str: 13    XL:     6   Next: 22%
Magic:  6/6        EV: 15    Int:  9    God:
Gold:   138        SH:  0    Dex: 17    Spells: 0 memorised, 5 levels left

rFire  . . .     SeeInvis .     a - +1 hunting sling
rCold  . . .     Gourm    .     c - +0 leather armour
rNeg   . . .     Faith    .     (shield restricted)
rPois  .         Spirit   .     (no helmet)
rElec  .         Dismiss  .     (no cloak)
rCorr  .         Reflect  .     s - +0 pair of gloves
MR     .....     Harm     .     (no boots)
Stlth  +++.......               (no amulet)
                                (no ring)
                                (no ring)

@: no status effects
A: mutation resistance 1
a: no special abilities


You were on level 4 of the Dungeon.
You were near starving.

You visited 2 branches of the dungeon, and saw 5 of its levels.

You collected 138 gold pieces.

Inventory:

Hand Weapons
 a - a +1 hunting sling (weapon)
 b - a +0 short sword
 n - a +0 rapier
Missiles
 g - 49 stones (quivered)
Armour
 c - a +0 leather armour (worn)
 s - a +0 pair of gloves (worn)
Jewellery
 z - a +5 ring of strength {unknown}
Scrolls
 e - 3 scrolls of amnesia {unknown}
 h - 2 scrolls of recharging {unknown}
 p - 3 scrolls of identify {unknown}
 q - a scroll of remove curse {unknown}
 r - a scroll of fog {unknown}
 w - a scroll of enchant weapon {unknown}
 y - a scroll of random uselessness {unknown}
 B - a scroll of enchant armour {unknown}
Potions
 i - 4 potions of curing {unknown}
 k - 2 potions of flight {unknown}
 l - a potion of brilliance {unknown}
 m - a potion of magic {unknown}
 o - a potion of agility {unknown}
 t - 2 potions of heal wounds {unknown}
 v - a potion of berserk rage {unknown}
 A - a potion of haste {unknown}
Comestibles
 f - 2 bread rations
 j - 4 meat rations
 u - 2 fruits
 x - a slice of pizza


   Skills:
 - Level 1.7 Fighting
 * Level 8.0 Slings
 + Level 3.2 Dodging
 * Level 4.3 Stealth


You had 5 spell levels left.
You didn't know any spells.

Dungeon Overview and Level Annotations

Branches:
Dungeon (4/15)             Temple (1/1) D:4

Altars:
Ashenzari
Dithmenos
Elyvilon
Fedhas
Gozag
Hepliaklqana
Nemelex Xobeh
Qazlal
Ru
Uskayaw
Xom
Yredelemnul
Zin

Annotations:
D:4 tabstorm's ghost, amateur VSWr


Innate Abilities, Weirdness & Mutations

You are small and have problems with some larger weapons.
You are somewhat resistant to further mutation.


Message History

You are too injured to fight recklessly!
Tabstorm's ghost whispers, "There is no future for you."
You are too injured to fight recklessly!
There is a dry fountain here.
Tabstorm's ghost says, "Try not to bleed too much."
You see here a runed dagger.
Firing (i - inventory):
g - 51 stones (quivered)
Press: ? - help, Shift-Dir - straight line, f/p - tabstorm's ghost
Aim: tabstorm's ghost, wielding a weapon of electrocution (severely damaged)
You shoot a stone.
The stone completely misses tabstorm's ghost.
Firing (i - inventory):
g - 50 stones (quivered)
Press: ? - help, Shift-Dir - straight line, f/p - tabstorm's ghost
Aim: tabstorm's ghost, wielding a weapon of electrocution (severely damaged)
You shoot a stone.
The stone hits tabstorm's ghost but does no damage.
Tabstorm's ghost is severely damaged.
Tabstorm's ghost hits you but does no damage.
You are electrocuted!
You die...

############# #
######...........#####
###............^......⌠#
#......................#
.........#########.....#
.....†####.......###..##
....###...........†...#
....#....(...⌠)W@.....#
....#...............###
...##..###.......####..
...#....W#########(....
#..#............(.(((((
####⌠..................
#####...........####
#############


You could see tabstorm's ghost.

Vanquished Creatures
  The ghost of qqqbard the Sneak, an amateur SpEn (D:3)
  Jessica (D:3)
  A howler monkey skeleton (D:4)
  An adder (D:4)
  2 oozes (D:2)
  2 worms
  A dart slug (D:2)
  5 leopard geckos
  2 orcs (D:3)
  4 ball pythons
  8 bats
  4 giant cockroaches
  8 goblins
  8 hobgoblins
  3 quokkas
  4 frilled lizards
  A giant cockroach zombie (D:3)
  5 kobolds
  3 rats
64 creatures vanquished.

Notes
Turn   | Place    | Note
-------+----------+-------------------------------------------
     0 | D:1      | qqqbard the Halfling Hunter began the quest for the Orb.
     0 | D:1      | Reached XP level 1. HP: 14/14 MP: 1/1
   215 | D:1      | Reached skill level 6 in Slings
   215 | D:1      | Reached XP level 2. HP: 19/19 MP: 2/2
   592 | D:1      | Reached XP level 3. HP: 24/24 MP: 3/3
   681 | D:1      | You fall through a shaft!
   960 | D:2      | Found a shadowy altar of Dithmenos.
  1225 | D:2      | Reached XP level 4. HP: 29/29 MP: 4/4
  1694 | D:3      | Found a hide-covered altar of Uskayaw.
  1694 | D:3      | Noticed Jessica
  1696 | D:3      | Killed Jessica
  1696 | D:3      | Reached skill level 7 in Slings
  1928 | D:3      | Noticed qqqbard's ghost (amateur SpEn)
  1973 | D:3      | Killed qqqbard's ghost
  1973 | D:3      | Reached XP level 5. HP: 10/34 MP: 5/5
  2175 | D:3      | Reached XP level 6. HP: 37/39 MP: 6/6
  2540 | D:4      | Found a staircase to the Ecumenical Temple.
  2553 | Temple   | Entered the Ecumenical Temple
  2926 | D:4      | Reached skill level 8 in Slings
  2944 | D:4      | Noticed tabstorm's ghost (amateur VSWr)
  2989 | D:4      | Mangled by tabstorm's ghost

Vault maps used:
D:1:      mainiacjoe_arrival_reflecting_pool
D:2:      grunt_dithmenos_smoke, minmay_domino_2
D:3:      eat_drink_and_be_merry_uskayaw, uniq_jessica
D:4:      kennysheep_spiral_hall, grunt_temple_overflow_magic_moments,
          first_bread, serial_shops, kennysheep_little_box
Temple:   minmay_temple_curvy_loop

Skill      XL: |  1  2  3  4  5  6 |
---------------+-------------------+-----
Slings         | 6 7 8 |  8.0
Stealth        | 2 4 |  4.3
Dodging        | 3 |  3.2
Fighting       | |  1.7

Action                   |  1- 3 |  4- 6 || total
-------------------------+-------+-------++-------
 Fire: Hunting sling     |    92 |   163 ||   255
  Eat: Chunk             |       |     4 ||     4
Armor: Leather armour    |     2 |    14 ||    16
Dodge: Dodged            |     6 |    31 ||    37
